 Dungeon Crawl Stone Soup version 0.23.1 (webtiles) character file.

Game seed: 0

6524 Borgoz the Slicer (level 11, 0/92 HPs)
             Began as a Ghoul Monk on Mar 16, 2019.
             Was a Believer of Ashenzari.
             Slain by a two-headed ogre
             ... wielding a +0 giant club
              (9 damage)
             ... on level 9 of the Dungeon.
             The game lasted 00:24:49 (8490 turns).

Borgoz the Slicer (Ghoul Monk)                      Turns: 8490, Time: 00:24:50

Health: 0/92       AC: 15    Str: 16    XL:     11   Next: 1%
Magic:  19/19      EV: 13    Int:  6    God:    Ashenzari [**....]
Gold:   155        SH:  0    Dex: 13    Spells: 10/10 levels left

rFire    . . .     SeeInvis .   a - +5 rapier (flame)
rCold    + . .     Gourm    .   (no shield)
rNeg     + + +     Faith    .   h - +0 scale mail
rPois    ∞         Spirit   .   l - +0 helmet
rElec    .         Reflect  .   u - +1 cloak (curse)
rCorr    .         Harm     .   (no gloves)
MR       .....                  y - +0 pair of boots
Stlth    ++........             (no amulet)
HPRegen  0.00/turn              i - ring of magical power (curse)
MPRegen  0.16/turn              A - +2 ring of protection

@: rotting
A: rotting body, claws 1, carnivore, cold resistance 1, negative energy
resistance 3, inhibited regeneration, torment resistance, unbreathing
a: Curse Item, Scrying, Renounce Religion


You were on level 9 of the Dungeon.
You worshipped Ashenzari.
Ashenzari was pleased with you.
You were not hungry.

You visited 2 branches of the dungeon, and saw 10 of its levels.
You also visited: Sewer.

You collected 418 gold pieces.
You spent 263 gold pieces at shops.

Inventory:

Hand Weapons
 a - a +5 rapier of flaming (weapon)
 b - a +2 dagger of venom
 f - a +1 dagger of speed
 m - a +1 dagger of chaos
 t - a +2 dagger of freezing
Missiles
 p - 3 throwing nets (quivered)
Armour
 h - a +0 scale mail (worn)
 l - a +0 helmet (worn)
 u - a cursed +1 cloak (worn)
 y - a +0 pair of boots (worn)
Jewellery
 i - a cursed ring of magical power (left claw)
 A - a +2 ring of protection (right claw)
 C - an uncursed amulet of faith
Wands
 n - a wand of polymorph (10)
 q - a wand of random effects (32)
 B - a wand of paralysis (2)
Scrolls
 d - a scroll of enchant armour {unknown}
 e - 4 scrolls of identify
 g - 4 scrolls of remove curse
 k - 3 scrolls of amnesia
 s - 8 scrolls of teleportation
 v - 2 scrolls of magic mapping
Potions
 j - a potion of curing
 r - 2 potions of magic
 z - a potion of resistance {unknown}
Comestibles
 c - 19 rations
 w - 15 chunks of flesh


   Skills:
 + Level 7.1 Fighting
 * Level 8.0 Short Blades
 * Level 7.5 Armour
 * Level 8.0 Dodging
 + Level 7.0 Stealth


You had 10 spell levels left.
You didn't know any spells.
Your spell library was empty.

Dungeon Overview and Level Annotations

Branches:
Dungeon (9/15)             Temple (1/1) D:5
   Lair: D:8-11         Orc: D:9-12

Altars:
Ashenzari
Cheibriados
Dithmenos
Elyvilon
Fedhas
Gozag
Hepliaklqana
Kikubaaqudgha
Makhleb
Nemelex Xobeh
Okawaru
Qazlal
Ru
Sif Muna
Trog
Uskayaw
Vehumet
Wu Jian
Xom
Yredelemnul
The Shining One
Lugonu

Shops:
D:4 ?   D:5 (}[

Annotations:
D:9 2 transporters, kalagan's ghost, novice DEEE


Innate Abilities, Weirdness & Mutations

Your body is rotting away.
You thrive on raw meat.
You are immune to poison.
You have sharp fingernails.
You are carnivorous and can eat meat at any time.
Your flesh is cold resistant. (rC+)
You are immune to negative energy. (rN+++)
You do not regenerate when monsters are visible.
You are immune to unholy pain and torment.
You can survive without breathing.


Message History

You feel much better.
The two-headed ogre hits you with a +0 giant club.
The two-headed ogre hits you with a cursed -3 giant club.
You hit the two-headed ogre. You burn the two-headed ogre.
The two-headed ogre is lightly wounded.
The two-headed ogre hits you with a +0 giant club!!
* * * LOW HITPOINT WARNING * * *
The two-headed ogre hits you but does no damage.
You closely miss the two-headed ogre.
The two-headed ogre is lightly wounded.
You hit the two-headed ogre. You burn the two-headed ogre.
The two-headed ogre is moderately wounded.
The two-headed ogre hits you with a +0 giant club!
* * * LOW HITPOINT WARNING * * *
The two-headed ogre barely misses you.
You feel much better.
The two-headed ogre hits you with a +0 giant club!!
* * * LOW HITPOINT WARNING * * *
The two-headed ogre hits you with a cursed -3 giant club!
You die...

#..................†....#.# #.##
#......##..........÷)...#.# #...
#......*#.##....#######.#.###..#
#......*#.##............#.#.....
#......##.#####.#####.#.#.#.##..
#...............#...............
#########.#######.........#..#..
###O.######.............
#..O{#@..##########...#
#..OOO###.# ###.#.# #...Z### #.#
##.###.# ##..* #.# #..###.#
#..** ##.# ###...##.# #. * ##.##
##......#.# #,**
#.#####......##.# *
#.###.......###.# *
##..........)...#


You could see a two-headed ogre, 2 ogres and a two-headed ogre zombie.

Vanquished Creatures
  A two-headed ogre (D:9)
  Eustachio (D:4)
  3 yaks (D:6)
  Grum (D:9)
  A hungry ghost (D:9)
  Duvessa (D:5)
  A water moccasin (D:8)
  2 ice beasts
  3 orc warriors
  Purgy (D:3)
  11 ogres
  3 wolves (D:9)
  2 centaurs (D:6)
  Blork the orc (D:6)
  3 bullfrogs
  7 big kobolds
  Dowan (D:5)
  4 killer bees (D:8)
  3 howler monkeys
  4 crimson imps
  A centaur zombie (D:7)
  2 bullfrog zombies
  9 orc priests
  4 hounds
  A jelly (D:4)
  A quasit (D:6)
  3 bullfrog skeletons
  13 orc wizards
  A centaur skeleton (D:5)
  3 iguanas
  7 worker ants
  Ijyb (D:4)
  A hound zombie (D:8)
  2 worker ant zombies
  Robin (D:3)
  4 gnolls
  A howler monkey zombie (D:5)
  15 adders
  3 river rats
  A shadow imp (D:8)
  7 oozes (Sewer)
  3 adder skeletons
  2 worms (Sewer)
  2 dart slugs
  4 leopard geckos
  25 orcs
  6 giant cockroaches
  16 goblins
  7 hobgoblins
  9 jackals
  17 kobolds
  3 quokkas
  2 ball pythons
  11 bats
  8 frilled lizards
  A giant cockroach zombie (D:6)
  2 leopard gecko skeletons
  A quokka zombie (D:8)
  10 rats
264 creatures vanquished.

Notes
Turn   | Place    | Note
-------+----------+-------------------------------------------
     0 | D:1      | Borgoz the Ghoul Monk began the quest for the Orb.
     0 | D:1      | Reached XP level 1. HP: 19/19 MP: 0/0
    49 | D:1      | Reached XP level 2. HP: 26/26 MP: 1/1
   468 | D:1      | Reached skill level 1 in Armour
   640 | D:1      | Reached XP level 3. HP: 12/31 MP: 2/2
   937 | D:2      | Found a sacrificial altar of Ru.
  1129 | D:2      | Reached XP level 4. HP: 33/38 MP: 3/3
  1284 | D:2      | Found an ancient bone altar of Kikubaaqudgha.
  1286 | D:2      | Found a blossoming altar of Fedhas.
  1593 | D:3      | Noticed Robin
  1714 | D:3      | Killed Robin
  1732 | D:3      | Found a bloodstained altar of Trog.
  1732 | D:3      | Noticed Purgy
  1755 | D:3      | Killed Purgy
  1755 | D:3      | Reached XP level 5. HP: 12/46 MP: 4/4
  2111 | D:3      | Reached XP level 6. HP: 52/52 MP: 5/5
  2185 | D:3      | Found a shimmering altar of Xom.
  2185 | D:3      | Found a burning altar of Makhleb.
  2524 | D:4      | Found Isuesut's Magic Scroll Emporium.
  2529 | D:4      | Bought a scroll of identify for 20 gold pieces
  2529 | D:4      | Bought a scroll of identify for 20 gold pieces
  2529 | D:4      | Bought a scroll of identify for 20 gold pieces
  2794 | D:4      | Noticed Ijyb
  2819 | D:4      | Killed Ijyb
  2819 | D:4      | Reached XP level 7. HP: 45/59 MP: 6/6
  3248 | D:5      | Entered Level 5 of the Dungeon
  3248 | D:5      | Found Xuuvae's Antique Weapon Boutique.
  3248 | D:5      | Found Dateij's Gadget Emporium.
  3248 | D:5      | Noticed Eustachio
  3277 | D:4      | Killed Eustachio
  3369 | D:4      | Reached XP level 8. HP: 36/67 MP: 7/7
  3673 | D:5      | Noticed Duvessa
  3673 | D:5      | Noticed Dowan
  3697 | D:5      | Killed Duvessa
  3697 | D:5      | Reached skill level 5 in Short Blades
  3697 | D:5      | Reached skill level 5 in Dodging
  3706 | D:5      | Killed Dowan
  3889 | D:4      | Reached skill level 5 in Fighting
  4221 | D:5      | Found a staircase to the Ecumenical Temple.
  4283 | Temple   | Entered the Ecumenical Temple
  4401 | D:5      | Found Ujiqifid's Antique Armour Shop.
  4567 | D:5      | Found a white marble altar of Elyvilon.
  4677 | D:5      | Reached skill level 5 in Stealth
  4677 | D:5      | Reached XP level 9. HP: 52/74 MP: 8/8
  4738 | D:5      | Reached skill level 5 in Armour
  5103 | D:6      | Noticed Blork the orc
  5131 | D:6      | Killed Blork the orc
  5264 | D:6      | Found a glowing drain.
  5268 | Sewer    | Entered a sewer
  6158 | D:6      | Reached XP level 10. HP: 43/83 MP: 9/9
  6731 | D:7      | Found an iron altar of Okawaru.
  6766 | D:7      | Found an ornate altar of the Wu Jian Council.
  6773 | D:7      | Found a radiant altar of Vehumet.
  6787 | D:7      | Found a stormy altar of Qazlal.
  7027 | D:5      | Bought a glowing rapier for 203 gold pieces
  7144 | D:7      | Found a shattered altar of Ashenzari.
  7524 | D:8      | Found a hide-covered altar of Uskayaw.
  7526 | D:8      | Noticed a +0 dagger
  7526 | D:8      | Noticed a +0 dagger
  7684 | D:8      | Found a shadowy altar of Dithmenos.
  7935 | D:7      | Became a worshipper of Ashenzari the Shackled
  7935 | D:7      | Reached * piety under Ashenzari
  7935 | D:7      | Reached ** piety under Ashenzari
  8171 | D:9      | Noticed Grum
  8195 | D:9      | Killed Grum
  8281 | D:9      | Found a transporter.
  8286 | D:9      | Found a transporter.
  8286 | D:9      | Noticed kalagan's ghost (novice DEEE)
  8468 | D:9      | Noticed a two-headed ogre
  8470 | D:9      | Noticed a two-headed ogre
  8470 | D:9      | Noticed a two-headed ogre
  8485 | D:9      | Killed a two-headed ogre
  8485 | D:9      | Reached XP level 11. HP: 31/92 MP: 10/10
  8490 | D:9      | Slain by a two-headed ogre

Skill      XL: |  1  2  3  4  5  6  7  8  9 10 |
---------------+-------------------------------+-----
Armour         | 1 2 3 4 6 7 |  7.5
Dodging        | 3 4 5 6 8 |  8.0
Short Blades   | 3 4 5 6 8 |  8.0
Stealth        | 3 4 5 6 7 |  7.0
Fighting       | 4 5 6 7 |  7.1

Action                   |  1- 3 |  4- 6 |  7- 9 | 10-12 || total
-------------------------+-------+-------+-------+-------++-------
Melee: Short sword       |   150 |     4 |       |       ||   154
       Dagger            |       |   214 |   775 |   161 ||  1150
       Rapier            |       |       |       |   156 ||   156
Invok: Curse Item        |       |       |       |     1 ||     1
  Use: Potion            |       |     2 |     2 |     7 ||    11
       Scroll            |       |     1 |     4 |     7 ||    12
 Stab: Sleeping          |     2 |       |       |       ||     2
       Invisible         |       |     1 |       |       ||     1
  Eat: Chunk             |     9 |    18 |    39 |    24 ||    90
Armor: Robe              |    13 |       |       |       ||    13
       Scale mail        |    40 |   112 |   300 |   122 ||   574
Dodge: Dodged            |    93 |   129 |   388 |   229 ||   839
